 Dungeon Crawl Stone Soup version bcrawl-1.35.4c (webtiles) character file.

Game seed: 15033362608643494859

94465 biggnoob the Magician (level 2, 14/20 HPs)
             Began as an Oni Earth Elementalist on Feb 4, 2022.
             Quit the game on level 1 of the Dungeon.
             The game lasted 00:00:33 (178 turns).

biggnoob the Magician (Oni Earth Elementalist)       Turns: 178, Time: 00:00:33

Health: 14/20      AC:  2    Str: 11    XL:     2   Next: 4%
Magic:  0/7        EV: 12    Int: 16    God:
Gold:   17         SH:  0    Dex: 11    Spells: 5/6 levels left

rFire    . . .     SeeInvis .     - Claws (6.3)
rCold    . . .     Gourm    .   (no shield)
rNeg     . . .     Faith    .   c - +0 animal skin
rPois    .         Spirit   .   (helmet restricted)
rElec    .         Reflect  .   (no cloak)
rCorr    .                      (no gloves)
MR       .....                  (no boots)
Stlth    ++........             (no amulet)
HPRegen  0.06/turn              (no ring)
MPRegen  0.10/turn              (no ring)

@: very slightly contaminated
A: oni magic, claws 1, fangs 1, horns 1
a: no special abilities


You were on level 1 of the Dungeon.
You were not hungry.

You visited 1 branch of the dungeon, and saw 1 of its levels.

You collected 17 gold pieces.

Inventory:

Missiles
 b - 266 stones (quivered)
Armour
 c - a +0 animal skin (worn)
Scrolls
 d - a scroll of magic mapping {unknown}
 g - a scroll of noise {unknown}
Potions
 a - a potion of invisibility {unknown}
Comestibles
 e - a ration {!d}
 f - 2 chunks of flesh


   Skills:
 - Level 1.7 Dodging
 - Level 1.7 Stealth
 - Level 1.0 Unarmed Combat
 + Level 2.9 Spellcasting
   Level 2.9 Conjurations
   Level 2.9 Hexes
   Level 2.9 Charms
   Level 2.9 Summonings
   Level 2.9 Necromancy
   Level 2.9 Translocations
   Level 2.9 Transmutations
   Level 2.9 Fire Magic
   Level 2.9 Ice Magic
   Level 2.9 Air Magic
   Level 2.9 Earth Magic
   Level 2.9 Poison Magic


You had 5 spell levels left.
You knew the following spells:

 Your Spells              Type           Power        Failure   Level  Hunger
a - Sandblast             Erth           ##....       4%          1    None

Your spell library contained the following spells:

 Spells                   Type           Power        Failure   Level  Hunger
 Infusion                 Chrm           ##......     4%          1    None
 Passwall                 Tmut/Erth      ##......     9%          2    #......
 Stone Arrow              Conj/Erth      ##....       17%         3    ####...
 Petrify                  Tmut/Erth      ##........   50%         4    #####..
 Lee's Rapid Deconstruct  Erth           ##........   78%         5    #######


Dungeon Overview and Level Annotations

Branches:
Dungeon (1/12)

Altars:
Okawaru


Innate Abilities, Weirdness & Mutations

You learn spells by gaining experience, not through books or religion.
You only train spellcasting to practice magic.
You have sharp fingernails.
You have very sharp teeth.
You have a pair of small horns on your head.


Message History

You scratch the jackal.
The jackal is moderately wounded.
The jackal closely misses you. x2
You scratch the jackal.
You kill the jackal!
You have reached level 2!
You have discovered the spell Infusion.
No path to travel!
Things that are here:
a jackal corpse x2
Butcher a jackal corpse? [(y)es/(n)o/(a)ll/(q)uit/?]
Butcher a jackal corpse? [(y)es/(n)o/(a)ll/(q)uit/?]
Okay, then.
The hobgoblin shouts!
Casting: Sandblast (safe; 4% risk of failure)
Confirm with . or Enter, or press ? or * to list all spells.
You don't have enough magic to cast that spell.
Unknown command.
No path to travel!
Are you sure you want to abandon this character and quit the game? (Confirm with "yes".)

....... ..... .. .).).#
..... ..# ._..##..... ...#
.).#...... #.... .g.......
######## #...###........
...#...####....#....)....
.........##.......#######
#..<..#...##...#@.#
##...###...### #.## #####
##...## #.# #...#
##...###†#########
##.#.######...##.##>.....#
...#........#..#...).....#
##.#.###..#.##.#.##).....#
##.#..#.###..#.#.##......#
...............#..########


You could see a hobgoblin.

Vanquished Creatures
  A hobgoblin (D:1)
  3 jackals (D:1)
  A bat (D:1)
  A frilled lizard (D:1)
  A kobold (D:1)
7 creatures vanquished.

Notes
Turn   | Place    | Note
-------+----------+-------------------------------------------
     0 | D:1      | biggnoob the Oni Earth Elementalist began the quest for the
                  | Orb.
     0 | D:1      | Reached XP level 1. HP: 14/14 MP: 6/6
   157 | D:1      | Found an iron altar of Okawaru.
   174 | D:1      | Reached XP level 2. HP: 14/20 MP: 0/7
   178 | D:1      | Quit the game

Action                   || total
-------------------------++-------
Melee: Unarmed           ||    10
       Headbutt          ||     1
       Bite              ||     1
 Cast: Sandblast         ||     9
Armor: Animal skin       ||     2
Dodge: Dodged            ||    10
